 Dungeon Crawl Stone Soup version 0.25.1-2-g60ff931df9 (webtiles) character file.

Game seed: 15063844553365428017

1991 DearestLeader the Geomancer (level 9, -16/45 HPs)
             Began as a Gargoyle Earth Elementalist on Oct 3, 2020.
             Was a Believer of Vehumet.
             Demolished by an orc warrior
             ... wielding a +1 vorpal battleaxe
              (19 damage)
             ... on level 6 of the Dungeon.
             The game lasted 00:10:33 (5941 turns).

DearestLeader the Geomancer (GrEE)                  Turns: 5941, Time: 00:10:34

Health: -16/45     AC: 12    Str: 12    XL:     9   Next: 21%
Magic:  11/17      EV: 12    Int: 19    God:    Vehumet [**....]
Gold:   110        SH:  0    Dex: 10    Spells: 7/18 levels left

rFire    . . .     SeeInvis .   x - +2 whip (flame)
rCold    . . .     Gourm    .   (no shield)
rNeg     + . .     Faith    .   c - +0 robe
rPois    ∞         Spirit   .   (no helmet)
rElec    +         Reflect  .   w - +2 cloak {MR+}
rCorr    .         Harm     .   (no gloves)
MR       +....                  z - +0 pair of boots
Stlth    ++........             (no amulet)
HPRegen  0.15/turn              (no ring)
MPRegen  0.15/turn              (no ring)

@: brilliant, marked
A: negative energy resistance 1, electricity resistance, unbreathing,
petrification resistance, rot immunity, AC +6
a: Renounce Religion


You were on level 6 of the Dungeon.
You worshipped Vehumet.
Vehumet was pleased with you.
You were very hungry.

You visited 1 branch of the dungeon, and saw 7 of its levels.

You collected 164 gold pieces.
You spent 54 gold pieces at shops.

Inventory:

Hand Weapons
 h - a +0 dagger of venom
 x - a +2 whip of flaming (weapon)
Missiles
 b - 71 stones (quivered)
Armour
 c - a +0 robe (worn)
 w - a +2 cloak of magic resistance (worn)
 z - a +0 pair of boots (worn)
Jewellery
 u - an uncursed ring of poison resistance {unknown}
Scrolls
 a - a scroll of amnesia {unknown}
 e - 2 scrolls of identify
 f - 2 scrolls of enchant armour {unknown}
 g - 3 scrolls of immolation
 i - 2 scrolls of noise {unknown}
 m - a scroll of random uselessness {unknown}
 n - 2 scrolls of teleportation {unknown}
 o - a scroll of enchant weapon {unknown}
 v - a scroll of remove curse {unknown}
 y - a scroll of brand weapon {unknown}
 B - a scroll of summoning {unknown}
 C - a scroll of fog {unknown}
Potions
 j - 2 potions of might
 k - 2 potions of haste {unknown}
 l - a potion of curing
 p - a potion of berserk rage {unknown}
 q - a potion of flight {unknown}
 r - a potion of invisibility {unknown}
 s - a potion of mutation {unknown}
 t - 2 potions of degeneration {unknown}
 A - a potion of stabbing {unknown}
 D - a potion of resistance {unknown}
 E - a potion of brilliance
Comestibles
 d - 5 rations


   Skills:
 - Level 1.5 Dodging
 - Level 2.1 Stealth
 + Level 5.3 Spellcasting
 + Level 3.3 Conjurations
 - Level 0.7 Transmutations
 * Level 12.0 Earth Magic


You had 7 spell levels left.
You knew the following spells:

 Your Spells              Type           Power        Failure   Level  Hunger
a - Sandblast             Erth           ######       1%          1    None
b - Passwall              Tmut/Erth      #####...     1%          2    None
c - Stone Arrow           Conj/Erth      ######       1%          3    None
d - Lee's Rapid Deconstr  Erth           ######....   2%          5    None

Your spell library contained the following spells:

 Spells                   Type           Power        Failure   Level  Hunger
 Foxfire                  Conj/Fire      ###.         6%          1    None
 Petrify                  Tmut/Erth      #####...     9%          4    None


Dungeon Overview and Level Annotations

Branches:
Dungeon (7/15)             Temple (0/1) D:4

Altars:
Gozag
Kikubaaqudgha
Makhleb
Nemelex Xobeh
Trog
Uskayaw
Vehumet
Wu Jian
Xom
The Shining One

Shops:
D:5 [


Innate Abilities, Weirdness & Mutations

You are resistant to torment.
Your stone body is resilient. (AC +6)
You are immune to poison.
You resist negative energy. (rN+)
You are resistant to electric shocks. (rElec)
You can survive without breathing.
You are immune to petrification.
You are immune to rotting.


Message History

The orc completely misses you. The orc barely misses you.
The orc hits you but does no damage.
The orc warrior hits you with a +0 scimitar.
* * * LOW HITPOINT WARNING * * *
Unknown command.
Casting: Passwall (safe; 1% risk of failure)
Confirm with . or Enter, or press ? or * to list all spells.
Aiming: Passwall (safe; 1% risk of failure)
Press: ? - help, Dir - move target cursor A rock wall.
You feel a surge of power!
This rock feels extremely deep.
The shadow imp hits you but does no damage.
The orc barely misses you. The orc warrior closely misses you.
The orc barely misses you. The orc closely misses you.
You closely miss the orc.
The orc is heavily wounded.
The orc warrior barely misses you. The shadow imp closely misses you.
The orc barely misses you.
The orc warrior hits you with a +1 vorpal battleaxe!!
You die...

#########
######)<.....#
####....'.......#
#.......#.......#
#.......###+#####
##....5oo#
#....oo@##
#.....oo#
........#
#.......#
#.......#
#.......#
#.......#
#########


You could see 2 orc warriors, a shadow imp and 4 orcs.

Vanquished Creatures
  Pikel (D:4)
  Sigmund (D:5)
  A sky beast (D:7)
  A slave (D:4)
  An ogre (D:5)
  A centaur (D:5)
  A bullfrog (D:7)
  3 killer bees (D:5)
  2 howler monkeys (D:5)
  2 vampire bats (D:2)
  2 crimson imps (D:7)
  A centaur zombie (D:5)
  2 hounds (D:4)
  An orc wizard (D:4)
  2 orc priests
  3 centaur skeletons
  A gnoll shaman (D:4)
  Crazy Yiuf (D:4)
  Natasha (thrice) (D:3)
  An iguana (D:4)
  5 worker ants
  A hound zombie (D:5)
  5 gnolls (D:4)
  7 adders
  A shadow imp (D:5)
  A worm (D:3)
  A dart slug (D:2)
  2 leopard geckos
  5 orcs
  9 bats
  2 bat skeletons (D:2)
  3 bat zombies (D:2)
  2 giant cockroaches
  5 goblins
  5 hobgoblins
  3 jackals (D:1)
  2 kobolds (D:1)
  2 quokkas
  4 frilled lizards
  A rat (D:3)
97 creatures vanquished.

Vanquished Creatures (others)
  2 gnolls (D:5)
2 creatures vanquished.

Grand Total: 99 creatures vanquished

Notes
Turn   | Place    | Note
-------+----------+-------------------------------------------
     0 | D:1      | DearestLeader the Gargoyle Earth Elementalist began the
                  | quest for the Orb.
     0 | D:1      | Reached XP level 1. HP: 10/10 MP: 3/3
   138 | D:1      | Reached skill level 4 in Earth Magic
   381 | D:1      | Reached XP level 2. HP: 14/15 MP: 5/5
   957 | D:1      | Reached XP level 3. HP: 10/19 MP: 6/6
  1124 | D:1      | Learned a level 2 spell: Passwall
  1128 | D:1      | Learned a level 3 spell: Stone Arrow
  1369 | D:2      | Reached skill level 5 in Earth Magic
  1617 | D:2      | Found an ancient bone altar of Kikubaaqudgha.
  1631 | D:2      | Reached skill level 6 in Earth Magic
  1631 | D:2      | Reached XP level 4. HP: 23/24 MP: 2/7
  1860 | D:2      | Found a faded altar of an unknown god.
  1892 | D:2      | Reached XP level 5. HP: 24/28 MP: 8/8
  1943 | D:2      | Found a radiant altar of Vehumet.
  1967 | D:2      | Became a worshipper of Vehumet
  2461 | D:3      | Reached skill level 7 in Earth Magic
  2607 | D:3      | Found a shimmering altar of Xom.
  2610 | D:3      | Found a shimmering altar of Xom.
  2631 | D:3      | Noticed Natasha
  2638 | D:3      | Killed Natasha
  2649 | D:3      | Noticed Natasha
  2650 | D:3      | Found a shimmering altar of Xom.
  2681 | D:3      | Killed Natasha
  2695 | D:3      | Noticed Natasha
  2702 | D:3      | Killed Natasha
  2702 | D:3      | Reached XP level 6. HP: 13/32 MP: 1/9
  2900 | D:3      | Reached skill level 8 in Earth Magic
  3129 | D:3      | Found a glowing golden altar of the Shining One.
  3633 | D:4      | Found a runed translucent door.
  3634 | D:4      | Noticed Crazy Yiuf
  3768 | D:4      | Found a burning altar of Makhleb.
  3891 | D:4      | Found a staircase to the Ecumenical Temple.
  3906 | D:4      | Reached * piety under Vehumet
  3906 | D:4      | Offered knowledge of Freeze by Vehumet.
  3987 | D:4      | Reached XP level 7. HP: 36/36 MP: 8/11
  4051 | D:4      | Reached skill level 9 in Earth Magic
  4315 | D:4      | Found a sparkling altar of Nemelex Xobeh.
  4496 | D:4      | Killed Crazy Yiuf
  4640 | D:5      | Entered Level 5 of the Dungeon
  4644 | D:5      | Found Uthrako's Armour Emporium.
  4952 | D:5      | Noticed Pikel
  4973 | D:4      | Killed Pikel
  4973 | D:4      | Reached skill level 10 in Earth Magic
  4973 | D:4      | Reached XP level 8. HP: 30/41 MP: 4/14
  4980 | D:4      | Learned a level 5 spell: Lee's Rapid Deconstruction
  5192 | D:5      | You fall into a shaft and drop 2 floors!
  5198 | D:7      | Reached skill level 1 in Conjurations
  5198 | D:7      | Reached skill level 11 in Earth Magic
  5283 | D:5      | Offered knowledge of Foxfire by Vehumet.
  5289 | D:5      | Reached ** piety under Vehumet
  5291 | D:5      | Reached skill level 5 in Spellcasting
  5293 | D:5      | Reached XP level 9. HP: 26/45 MP: 4/16
  5369 | D:5      | Noticed Sigmund
  5374 | D:5      | Killed Sigmund
  5552 | D:5      | Found an ornate altar of the Wu Jian Council.
  5564 | D:5      | Reached skill level 12 in Earth Magic
  5617 | D:5      | Bought a +0 pair of boots for 54 gold pieces
  5703 | D:5      | Found a hide-covered altar of Uskayaw.
  5834 | D:5      | Found an opulent altar of Gozag.
  5835 | D:5      | Found a bloodstained altar of Trog.
  5939 | D:6      | HP: 2/45 [orc warrior/+0 scimitar (2)]
  5941 | D:6      | Demolished by an orc warrior

Illustrated notes

Levels and vault maps discovered:
D:1:      dpeg_arrival_signposts, layout_loops_ring
D:2:      layout_loops_corners, fiery_altar_vehumet, kennysheep_vampire_church,
          first_ration, chequers_ecumenical_altar_simple
D:3:      layout_loops_cross, overflow_temple_1_default, xom_redecorated,
          uniq_natasha
D:4:      layout_loops_corners, nemelex_xobeh_ov_fountains_minmay,
          minmay_temple_entry_junction_2, makhleb_heckhound_becter,
          uniq_crazy_yiuf_cottage
D:5:      layout_rooms, overflow_temple_1_default,
          gammafunk_temple_overflow_statue, eat_drink_and_be_merry_uskayaw,
          serial_shops, shop, grunt_ministairs_2,
          hangedman_abyss_or_decor_stagger, uniq_sigmund, uniq_pikel
D:6:      layout_basic
D:7:      layout_loops_ring, minmay_diced_spiral, uniq_duvessa

Skill      XL: |  1  2  3  4  5  6  7  8  9 |
---------------+----------------------------+-----
Earth Magic    | 4 6 7 8 10 11 12 | 12.0
Spellcasting   | 4 5 |  5.3
Conjurations   | 2 3 |  3.3
Dodging        | |  1.5
Stealth        | |  2.1
Transmutations | |  0.7

Action                   |  1- 3 |  4- 6 |  7- 9 || total
-------------------------+-------+-------+-------++-------
Melee: Dagger            |    92 |    85 |    35 ||   212
       Whip              |       |       |    64 ||    64
 Cast: Sandblast         |     9 |    28 |    42 ||    79
       Stone Arrow       |       |       |     9 ||     9
       Passwall          |       |       |     2 ||     2
  Use: Scroll            |       |       |     2 ||     2
       Potion            |       |       |     2 ||     2
 Stab: Sleeping          |     2 |     1 |     1 ||     4
  Eat: Chunk             |     1 |     2 |     6 ||     9
       Ration            |       |     2 |       ||     2
Armor: Robe              |    52 |    56 |    95 ||   203
Dodge: Dodged            |   109 |    55 |   113 ||   277
